 Dungeon Crawl Stone Soup version 0.22-a0-252-gcace5d2 (webtiles) character file.

942 tilp the Frost Mage (level 8, 0/60 HPs)
             Began as a Merfolk Ice Elementalist on Mar 2, 2018.
             Was an Initiate of Makhleb.
             Slain by a wight
             ... wielding a cursed +0 halberd
              (9 damage)
             ... on level 5 of the Dungeon.
             The game lasted 00:16:05 (6352 turns).

tilp the Frost Mage (Merfolk Ice Elementalist)      Turns: 6352, Time: 00:16:06

Health: 0/60       AC: 10    Str:  8    XL:     8   Next: 12%
Magic:  11/11      EV: 12    Int: 17    God:    Makhleb [......]
Gold:   281        SH:  0    Dex: 14    Spells: 5/11 levels left

rFire    . . .     SeeInvis .   a - +1 spear (flame)
rCold    . . .     Gourm    .   (no shield)
rNeg     . . .     Faith    .   i - +0 robe
rPois    .         Spirit   .   (no helmet)
rElec    .         Reflect  .   d - +0 cloak
rCorr    .         Harm     .   p - +0 pair of gloves
MR       .....                  (no boots)
Stlth    ++........             (no amulet)
HPRegen  0.20/turn              (no ring)
MPRegen  0.12/turn              (no ring)

@: icy armour, hasted, heavily drained, very quick
A: change form in water, swift swim, stealthy swim
a: Renounce Religion


You were on level 5 of the Dungeon.
You worshipped Makhleb.
Makhleb was noncommittal.
You were hungry.

You visited 2 branches of the dungeon, and saw 6 of its levels.

You collected 281 gold pieces.

Inventory:

Hand Weapons
 a - a +1 spear of flaming (weapon)
 b - the +0 hunting sling of the Candelabrum {flame, Int+3}
   (You found it on level 4 of the Dungeon)

   It causes projectiles fired from it to burn those they strike, causing extra
   injury to most foes and up to half again as much damage against particularly
   susceptible opponents.
   It affects your intelligence (+3).
 n - a +0 hand axe of chopping
 t - a +2 flail of protection
Missiles
 q - 2 tomahawks
 B - 13 javelins (quivered)
 C - 158 stones
Armour
 d - a +0 cloak (worn)
 i - a +0 robe (worn)
 p - a +0 pair of gloves (worn)
Jewellery
 o - an uncursed ring of ice {unknown}
Scrolls
 e - 3 scrolls of identify
 g - 3 scrolls of remove curse
 h - a scroll of random uselessness {unknown}
 k - a scroll of fear {unknown}
 m - 2 scrolls of magic mapping
 r - a scroll of teleportation {unknown}
 s - 2 scrolls of enchant weapon {unknown}
 x - a scroll of enchant armour {unknown}
 z - a scroll of immolation {unknown}
 A - a scroll of blinking
Potions
 f - a potion of agility
 j - a potion of haste
 u - a potion of resistance {unknown}
 v - a potion of cancellation {unknown}
 w - a potion of curing
Comestibles
 c - 9 rations


   Skills:
 - Level 4.1(2.4) Fighting
 + Level 5.9(4.1) Polearms
 - Level 2.6(1.0) Dodging
 - Level 2.1(0.5) Stealth
 - Level 2.0(0.3) Spellcasting
 - Level 0.7(0.0) Conjurations
 - Level 8.2(6.2) Ice Magic


You had 5 spell levels left.
You knew the following spells:

 Your Spells              Type           Power        Failure   Level  Hunger
a - Freeze                Ice            ###.         1%          1    ##.....
b - Throw Frost           Conj/Ice       ##....       10%         2    ###....
c - Ozocubu's Armour      Chrm/Ice       ##......     19%         3    ####...


Dungeon Overview and Level Annotations

Branches:
Dungeon (5/15)             Temple (1/1) D:4

Altars:
Ashenzari
Cheibriados
Dithmenos
Elyvilon
Gozag
Hepliaklqana
Makhleb
Nemelex Xobeh
Qazlal
Ru
Sif Muna
Trog
Uskayaw
Vehumet
Yredelemnul
Zin

Annotations:
D:2 1 runed door
D:5 Sigmund


Message History

an enchanted battleaxe; a robe; a great sword; a robe You hit the wight.
You burn the wight.
The wight is lightly damaged.
The wight closely misses you.
You hit the wight. You burn the wight.
The wight is moderately damaged.
You closely miss the wight.
The wight is moderately damaged.
The wight misses you.
You feel better.
You closely miss the wight.
The wight is moderately damaged.
The wight hits you with a halberd.
* * * LOW HITPOINT WARNING * * *
You barely miss the wight.
The wight is moderately damaged.
You closely miss the wight.
The wight is moderately damaged.
The wight hits you with a halberd!
You die...

### ################.#
#.......z@.......#
#####.##############.#
#[....##...........#.#
#.######.#########.#.#
####.# #.#####
#.#.#########
#....######.....##
#.#..........
.)..............>#
#.###########
#.#......##......# #.#
# #z#..............#
#.# #


You could see a wight.

Vanquished Creatures
  A black bear (D:5)
  A centaur (D:5)
  A bullfrog (D:5)
  A water moccasin skeleton (D:5)
  3 wights (D:5)
  An orc priest (D:3)
  2 hounds
  A gnoll shaman (D:5)
  An orc wizard (D:5)
  A bullfrog skeleton (D:5)
  An iguana (D:5)
  Natasha (thrice) (D:3)
  2 worker ants (D:4)
  3 gnolls (D:5)
  9 adders
  An ooze (D:1)
  An adder zombie (D:4)
  2 worms
  2 dart slugs
  6 leopard geckos
  10 orcs
  7 bats
  5 giant cockroaches
  6 hobgoblins
  6 jackals
  2 quokkas
  2 ball pythons (D:2)
  6 frilled lizards
  6 goblins
  A jackal zombie (D:5)
  7 kobolds
  5 rats
106 creatures vanquished.

Notes
Turn   | Place    | Note
-------+----------+-------------------------------------------
     0 | D:1      | tilp the Merfolk Ice Elementalist began the quest for the Orb.
     0 | D:1      | Reached XP level 1. HP: 13/13 MP: 3/3
   290 | D:1      | Reached skill level 4 in Ice Magic
   290 | D:1      | Reached XP level 2. HP: 11/19 MP: 0/5
   294 | D:1      | Learned a level 2 spell: Throw Frost
   763 | D:1      | Reached XP level 3. HP: 24/24 MP: 3/6
   768 | D:1      | Learned a level 3 spell: Ozocubu's Armour
  1273 | D:2      | Reached skill level 5 in Ice Magic
  1475 | D:2      | Reached XP level 4. HP: 30/30 MP: 3/7
  1588 | D:2      | Found a runed door.
  2658 | D:3      | Noticed Natasha
  2672 | D:2      | Reached skill level 6 in Ice Magic
  2845 | D:2      | Reached XP level 5. HP: 35/35 MP: 0/8
  3397 | D:3      | Killed Natasha
  3590 | D:3      | Noticed Natasha
  3606 | D:3      | Killed Natasha
  3667 | D:3      | Noticed Natasha
  3674 | D:3      | Killed Natasha
  3674 | D:3      | Reached skill level 7 in Ice Magic
  3732 | D:3      | Reached XP level 6. HP: 41/41 MP: 5/9
  4194 | D:4      | Found a staircase to the Ecumenical Temple.
  4205 | Temple   | Entered the Ecumenical Temple
  4265 | Temple   | Became a worshipper of Makhleb the Destroyer
  4282 | D:4      | Noticed a phantom
  4744 | D:4      | Got a slimy hunting sling
  4745 | D:4      | Identified the cursed +0 hunting sling of the Candelabrum {flame, Int+3} (You found it on level 4 of the Dungeon)
  4841 | D:5      | Entered Level 5 of the Dungeon
  4846 | D:5      | Reached skill level 8 in Ice Magic
  4857 | D:4      | Reached skill level 1 in Fighting
  4872 | D:5      | Reached XP level 7. HP: 36/49 MP: 2/10
  5447 | D:5      | Noticed Sigmund
  5969 | D:5      | Found a burning altar of Makhleb.
  6240 | D:5      | Reached skill level 5 in Polearms
  6240 | D:5      | Reached XP level 8. HP: 51/60 MP: 8/11
  6352 | D:5      | Slain by a wight

Vault maps used:
D:1:      eino_arrival_water_cross
D:2:      first_ration, uniq_crazy_yiuf_cottage
D:3:      uniq_natasha
D:4:      temple_fountains, minmay_misc_feat_more_columns
D:5:      makhleb_heckhound_becter, uniq_sigmund
Temple:   nicolae_temple_x_marks_the_god

Skill      XL: |  1  2  3  4  5  6  7 |
---------------+----------------------+-----
Ice Magic      | 4 5 6 7 8 |  8.2
Fighting       | 1 4 |  4.1
Polearms       | 5 |  5.9
Dodging        | |  2.6
Stealth        | |  2.1
Spellcasting   | |  2.0
Conjurations   | |  0.7

Action                   |  1- 3 |  4- 6 |  7- 9 || total
-------------------------+-------+-------+-------++-------
Melee: Unarmed           |    10 |       |       ||    10
       Short sword       |    12 |       |       ||    12
       Dagger            |     9 |    58 |    11 ||    78
       Spear             |       |       |    78 ||    78
Throw: Stone             |       |    11 |       ||    11
       Tomahawk          |       |     2 |       ||     2
       Javelin           |       |     4 |     4 ||     8
 Cast: Freeze            |    41 |    87 |    31 ||   159
       Throw Frost       |     4 |     4 |       ||     8
       Ozocubu's Armour  |       |    13 |     8 ||    21
  Use: Scroll            |       |     5 |       ||     5
       Potion            |       |     4 |     3 ||     7
 Stab: Sleeping          |     4 |     2 |     1 ||     7
  Eat: Chunk             |     3 |     9 |     7 ||    19
       Ration            |       |     1 |       ||     1
Armor: Robe              |    17 |    42 |    24 ||    83
Dodge: Dodged            |    32 |   105 |    60 ||   197

Table legend:
 A = Spawn XP
 B = Non-spawn XP
 C = Spawn XP percentage of total XP
 D = Spawn monster count
 E = Non-spawn monster count
 F = Spawn count percentage of total count
 G = Total turns spent on level
                    A         B        C        D         E        F      G
               +---------+---------+-------+---------+---------+-------+---------
         Total |       0 |    1346 |   0.0 |       0 |     106 |   0.0 |  6352
               +---------+---------+-------+---------+---------+-------+---------
           D:1 |       0 |      43 |   0.0 |       0 |      21 |   0.0 |  1183
           D:2 |       0 |     110 |   0.0 |       0 |      26 |   0.0 |  1612
           D:3 |       0 |     193 |   0.0 |       0 |      25 |   0.0 |  1004
           D:4 |       0 |     169 |   0.0 |       0 |      13 |   0.0 |  1029
           D:5 |       0 |     831 |   0.0 |       0 |      21 |   0.0 |  1459
               +---------+---------+-------+---------+---------+-------+---------
